 Dungeon Crawl Stone Soup version 0.22-a0-515-g75794bf (webtiles) character file.

72 BingusPrime the Covered (level 4, -6/37 HPs)
             Began as a Barachi Fighter on June 19, 2018.
             Mangled by a gnoll
             ... wielding a +0 flail
              (9 damage)
             ... on level 4 of the Dungeon.
             The game lasted 00:08:47 (885 turns).

BingusPrime the Covered (Barachi Fighter)            Turns: 885, Time: 00:08:47

Health: -6/37      AC:  6    Str: 15    XL:     4   Next: 25%
Magic:  4/4        EV:  8    Int:  8    God:
Gold:   105        SH:  8    Dex: 11    Spells: 3/3 levels left

rFire    . . .     SeeInvis .   a - +0 trident
rCold    . . .     Gourm    .   c - +0 shield
rNeg     . . .     Faith    .   g - +0 ring mail
rPois    .         Spirit   .   j - +0 hat
rElec    .         Reflect  .   (no cloak)
rCorr    .         Harm     .   (no gloves)
MR       .....                  (no boots)
Stlth    +.........             (no amulet)
HPRegen  0.12/turn              (no ring)
MPRegen  0.09/turn              (no ring)

@: flying (expiring), slow
A: +LOS, swims, antennae 1, slowness 1, weak 2, wild magic 1, strong legs 1
a: Hop


You were on level 4 of the Dungeon.
You were hungry.

You visited 1 branch of the dungeon, and saw 4 of its levels.

You collected 105 gold pieces.

Inventory:

Hand Weapons
 a - a +0 trident (weapon)
Missiles
 i - 27 stones (quivered)
Armour
 b - a +0 scale mail
 c - a +0 shield (worn)
 g - a +0 ring mail (worn)
 j - a +0 hat (worn)
Scrolls
 e - 2 scrolls of fog
 m - a scroll of enchant armour {unknown}
 n - a scroll of amnesia {unknown}
 o - a scroll of teleportation {unknown}
 p - a scroll of magic mapping {unknown}
Potions
 d - 2 potions of might
Comestibles
 f - a ration


   Skills:
 + Level 4.1 Fighting
 + Level 3.0 Polearms
 + Level 4.5 Armour
 + Level 0.3 Dodging
 + Level 3.5 Shields


You had 3 spell levels left.
You didn't know any spells.
Your spell library was empty.

Dungeon Overview and Level Annotations

Branches:
Dungeon (4/15)
 Temple: D:4-7

Altars:


Innate Abilities, Weirdness & Mutations

Shadows flee at your approach. (+LOS)
You can swim through water.
You cover ground slowly.
You can hop short distances.
You have a pair of small antennae on your head.
You are very weak. (Str -4)
Your spells are a little harder to cast, but a little more powerful.


Message History

The gnoll hits you but does no damage. You block the gnoll's attack.
You are starting to lose your buoyancy.
There is a stone staircase leading down here.
The gnoll closely misses you.
You fly downwards.
An ogre comes into view. It is wielding a giant club.
The ogre shouts!
Found a stone staircase leading up.
There is a stone staircase leading up here.
It was a potion of mutation.
You feel extremely strange.
You feel weaker. x2; You feel less in control of your magic.
A pair of antennae grows on your head! The gnoll hits you with a flail.
* * * LOW HITPOINT WARNING * * *
As you read the scroll labeled LAXKYOTHRAGG, it crumbles to dust.
You feel blessed for a moment.
It was a scroll of remove curse.
As you read the scroll of fog, it crumbles to dust.
The scroll dissolves into smoke.
The gnoll hits you with a flail!
You die...

#. #. #. #. #.##
#..## §§§
#§#######.
#@§§......
#....§g§§§####..
##.#####§§# ..#
#.O ..# #.. ...
..<#


You could see a gnoll.

Vanquished Creatures
  Jessica (D:2)
  A gnoll (D:2)
  An adder (D:2)
  2 bats
  A giant cockroach (D:1)
  4 goblins (D:1)
  2 hobgoblins (D:2)
  A quokka (D:2)
  A ball python (D:1)
  7 frilled lizards
  6 kobolds
  4 rats
31 creatures vanquished.

Notes
Turn   | Place    | Note
-------+----------+-------------------------------------------
     0 | D:1      | BingusPrime the Barachi Fighter began the quest for the Orb.
     0 | D:1      | Reached XP level 1. HP: 18/18 MP: 1/1
    78 | D:1      | Reached XP level 2. HP: 15/25 MP: 2/2
   589 | D:2      | Noticed Jessica
   604 | D:2      | Killed Jessica
   604 | D:2      | Reached XP level 3. HP: 18/30 MP: 3/3
   636 | D:2      | Reached XP level 4. HP: 25/37 MP: 4/4
   882 | D:4      | Noticed an ogre
   883 | D:4      | Gained mutation: You are weak. (Str -2) [potion of mutation]
   883 | D:4      | Gained mutation: You are very weak. (Str -4) [potion of mutation]
   883 | D:4      | Gained mutation: Your spells are a little harder to cast, but a little more powerful. [potion of mutation]
   883 | D:4      | Gained mutation: You have a pair of small antennae on your head. [potion of mutation]
   885 | D:4      | Mangled by a gnoll

Vault maps used:
D:1:      tarquinn_simple_flora_water_f
D:2:      grunt_dithmenos_smoke, uniq_jessica, uniq_natasha
D:3:      kennysheep_slug_shrine, first_ration
D:4:      overflow_temple_1_default, minmay_temple_entry_large_hall,
          gammafunk_ghost_grave, minivault_25, fedhas_altar_4, uniq_menkaure,
          uniq_edmund

Skill      XL: |  1  2  3  4 |
---------------+-------------+-----
Fighting       | 4 |  4.1
Armour         | 4 |  4.5
Polearms       | 3 |  3.0
Dodging        | |  0.3
Shields        | |  3.5

Action                   |  1- 3 |  4- 6 || total
-------------------------+-------+-------++-------
Melee: Trident           |    91 |    24 ||   115
Throw: Stone             |     2 |     5 ||     7
  Use: Scroll            |     2 |     2 ||     4
       Potion            |       |     2 ||     2
Armor: Scale mail        |    14 |       ||    14
       Ring mail         |    17 |     9 ||    26
Dodge: Dodged            |    14 |     5 ||    19
Block: Shield            |    36 |    13 ||    49

Table legend:
 A = Spawn XP
 B = Non-spawn XP
 C = Spawn XP percentage of total XP
 D = Spawn monster count
 E = Non-spawn monster count
 F = Spawn count percentage of total count
 G = Total turns spent on level
                    A         B        C        D         E        F      G
               +---------+---------+-------+---------+---------+-------+---------
         Total |       0 |     103 |   0.0 |       0 |      31 |   0.0 |   885
               +---------+---------+-------+---------+---------+-------+---------
           D:1 |       0 |      28 |   0.0 |       0 |      20 |   0.0 |   561
           D:2 |       0 |      75 |   0.0 |       0 |      11 |   0.0 |   303
               +---------+---------+-------+---------+---------+-------+---------
